 Dungeon Crawl Stone Soup version 0.28.0 (webtiles) character file.

Game seed: 15880458922603607106

3 lonewolfV2 the Insei (level 1, 0/15 HPs)
             Began as a Merfolk Transmuter on Feb 12, 2022.
             Slain by a quokka (3 damage)
             ... on level 1 of the Dungeon.
             The game lasted 00:00:10 (32 turns).

lonewolfV2 the Insei (Merfolk Transmuter)             Turns: 32, Time: 00:00:10

Health: 0/15       AC:  2    Str: 10    XL:     1   Next: 50%
Magic:  3/3        EV: 13    Int: 12    God:
Gold:   0          SH:  0    Dex: 14    Spells: 3/4 levels left

rFire   . . .      SeeInvis .     - Unarmed
rCold   . . .      Faith    .   (no shield)
rNeg    . . .      Spirit   .   a - +0 robe
rPois   .          Reflect  .   (no helmet)
rElec   .          Harm     .   (no cloak)
rCorr   .          Rampage  .   (no gloves)
Will    .....                   (no boots)
Stlth   +.........              (no amulet)
HPRegen 0.05/turn               (no ring)
MPRegen 0.08/turn               (no ring)

@: no status effects
A: (nimble swimmer 2), mertail
a: no special abilities


You were on level 1 of the Dungeon.
You visited 1 branch of the dungeon, and saw 1 of its levels.

Inventory:

Armour
 a - a +0 robe (worn)


   Skills:
 + Level 1.1 Fighting
 + Level 3.1 Dodging
 + Level 3.2 Unarmed Combat
 + Level 2.0 Spellcasting
 + Level 2.8 Transmutations


You had 3 spell levels left.
You knew the following spells:

 Your Spells              Type           Power      Damage    Failure   Level
a - Beastly Appendage     Tmut           14%        N/A       9%          1

Your spell library contained the following spells:

 Spells                   Type           Power      Damage    Failure   Level
 Wereblood                Tmut           7%         N/A       13%         2
 Spider Form              Tmut/Pois      4%         N/A       43%         3
 Ice Form                 Ice/Tmut       4%         N/A       83%         4


Dungeon Overview and Level Annotations

Branches:
Dungeon (1/15)

Altars:


Innate Abilities, Weirdness & Mutations

((You are very nimble when in or above water. (Stealth+, EV+, Speed+++)))
Your lower body shifts to a powerful aquatic tail in water.


Message History

Casting: Beastly Appendage (safe; 9% risk of failure)
Confirm with . or Enter, or press ? or * to list all spells.
You grow a pair of large bovine horns.
The goblin shouts!
A quokka comes into view.
A rat comes into view.
The bat hits you.
You miss the bat.
The endoplasm quivers.
The bat hits you but does no damage. The bat barely misses you.
The rat barely misses you. The goblin misses you.
You hit the rat but do no damage.
Your transformation is almost over.
The rat misses you. The goblin hits you with a +0 club.
The endoplasm freezes you.
You are frozen.
The endoplasm hits you.
* * * LOW HITPOINT WARNING * * *
You hit the endoplasm.
The endoplasm is almost dead.
The endoplasm hits you.
* * * LOW HITPOINT WARNING * * *
You hit the endoplasm.
You kill the endoplasm!
You hit the goblin.
You headbutt the goblin, but do no damage.
You punch the goblin.
You kill the goblin!
Your Dodging skill increases to level 3!
You hit the rat.
You kill the rat!
The bat hits you but does no damage. The bat hits you but does no damage.
The rat barely misses you. The quokka closely misses you.
Things that are here:
a +0 club; a rat corpse; a goblin corpse You hit the rat but do no damage.
Your horns disappear.
The quokka bites you.
You die...

#.####..### ..........#
#.........# # ..≈≈≈≈≈≈≈.#
#######.# #.≈.....≈.#
#.......#
..≈.....≈.#######r......#.
≈.≈.≈≈..≈.##....@r........
..≈.<≈..≈.##.####b........
..≈..≈..≈.##.# #.........
..≈≈.≈.≈≈.##.# #.........
.....≈....##.# #.........
.....≈.#.###.# #.........
≈≈≈≈≈≈.#.....# #.........
.......#####.# #.........
######## #.#


You could see a quokka, a bat and a rat.

Vanquished Creatures
  An endoplasm (D:1)
  A goblin (D:1)
  A rat (D:1)
3 creatures vanquished.

Notes
Turn   | Place    | Note
-------+----------+-------------------------------------------
     0 | D:1      | lonewolfV2 the Merfolk Transmuter began the quest for the
                  | Orb.
     0 | D:1      | Reached XP level 1. HP: 15/15 MP: 3/3
    32 | D:1      | Slain by a quokka

Illustrated notes

Levels and vault maps discovered:
D:1:      ebering_hopf_link, layout_basic, ebering_ecumenical_altar_ruins

Skill      XL: |  1 |
---------------+----+-----
Dodging        | 3 |  3.1
Fighting       | |  1.1
Unarmed Combat | |  3.2
Spellcasting   | |  2.0
Transmutations | |  2.8

Action                   || total
-------------------------++-------
Melee: Unarmed           ||     7
       Headbutt          ||     1
       Punch             ||     1
 Cast: Beastly Appendage ||     1
Armor: Robe              ||     3
Dodge: Dodged            ||     6
